 Dungeon Crawl Stone Soup version 0.31-a0-271-gb88eb75e06 (webtiles) character file.

Game seed: 5007602476654343672

144466 Pooter the Severer (level 16, -3/157 HPs)
             Began as a Minotaur Berserker on July 13, 2023.
             Was a High Priest of Trog.
             Slain by a merfolk impaler
             ... wielding a +3 heavy trident
              (20 damage)
             ... on level 4 of the Shoals on July 15, 2023.
             The game lasted 02:50:24 (42415 turns).

Pooter the Severer (Minotaur Berserker)            Turns: 42415, Time: 02:50:25

Health: -3/157     AC: 15    Str: 29    XL:     16   Next: 85%
Magic:  15/15      EV: 20    Int: 13    God:    Trog [*****.]
Gold:   1859       SH:  5    Dex: 14    Spells: 15/15 levels left

rFire   . . .        a - +11 battleaxe of the Furious {flame, rElec rC+ Dex+6}
rCold   + . .        (shield currently unavailable)
rNeg    + . .        x - +0 chain mail "Laqyiro" {Str+4 Dex-5 Slay+4}
rPois   .            (helmet restricted)
rElec   +            G - scarf {repulsion}
rCorr   .            Y - +1 pair of gloves
SInv    .            s - +0 pair of boots "Layrihu" {rN+ Int+7}
Will    +....        c - amulet of reflection Stlth
                     u - ring of flight
HPRegen 0.46/turn    T - +5 ring of evasion
MPRegen 0.14/turn

%: repel missiles, reflection
@: on berserk cooldown, flying, slowed, very slow
A: horns 2, retaliatory headbutt
a: Renounce Religion, Berserk, Trog's Hand, Brothers in Arms


You were on level 4 of the Shoals.
You worshipped Trog.
Trog was extremely pleased with you.
You visited 4 branches of the dungeon, and saw 26 of its levels.
You also visited: Ice Cave.

You collected 3108 gold pieces.
You spent 1249 gold pieces at shops.

Inventory:

Hand Weapons
 a - the +11 battleaxe of the Furious (weapon) {flame, rElec rC+ Dex+6}
   (You bought it in a shop on level 2 of the Orcish Mines)

   Dex:       It affects your dexterity (+6).
   rC:        It protects you from cold.
   rElec:     It insulates you from electricity.
 b - a +3 heavy longbow
   (You took it off a satyr on level 2 of the Shoals)
 d - a +3 battleaxe of freezing
   (You acquired it on level 8 of the Dungeon)
Missiles
 h - 8 curare-tipped darts
 l - 6 javelins
 p - 3 throwing nets {!f}
 A - 29 boomerangs (quivered)
 B - 9 silver javelins
 Q - 5 atropa-tipped darts
 W - a silver boomerang
Armour
 s - the +0 pair of boots "Layrihu" (worn) {rN+ Int+7}
   (You bought it in a shop on level 2 of the Orcish Mines)

   Int:       It affects your intelligence (+7).
   rN:        It protects you from negative energy.
 x - the +0 chain mail "Laqyiro" (worn) {Str+4 Dex-5 Slay+4}
   (You found it on level 13 of the Dungeon)

   Str:       It affects your strength (+4).
   Dex:       It affects your dexterity (-5).
   Slay:      It affects your accuracy & damage with ranged weapons and melee
   (+4).
 G - a scarf of repulsion (worn)
   (You found it on level 3 of the Shoals)
 H - a +2 chain mail of poison resistance
   (You took it off an orc on level 1 of the Orcish Mines)
 K - a +3 plate armour of fire resistance
   (You took it off an orc warrior on level 9 of the Dungeon)
 Y - a +1 pair of gloves (worn)
   (You found it on level 5 of the Lair of Beasts)
Jewellery
 c - an amulet of reflection (around neck)
   (You found it on level 1 of the Dungeon)
 j - a ring of willpower
   (You found it on level 3 of the Dungeon)
 u - a ring of flight (left hand)
   (You found it on level 5 of the Dungeon)
 F - a ring of protection from fire
   (You bought it in a shop on level 2 of the Orcish Mines)
 N - a ring of positive energy
   (You found it on level 3 of the Lair of Beasts)
 S - a ring of see invisible
   (You bought it in a shop on level 2 of the Orcish Mines)
 T - a +5 ring of evasion (right hand)
   (You found it on level 2 of the Lair of Beasts)
Wands
 f - a wand of flame (7)
   (You found it in an ice cave)
 k - a wand of roots (10)
   (You found it on level 3 of the Lair of Beasts)
 o - a wand of quicksilver (2)
   (You found it on level 13 of the Dungeon)
 w - a wand of polymorph (18)
   (You found it on level 8 of the Dungeon)
 D - a wand of digging (9)
   (You found it on level 1 of the Lair of Beasts)
 J - a wand of charming (36)
   (You found it on level 7 of the Dungeon)
Scrolls
 e - 5 scrolls of revelation
 i - 3 scrolls of fog
 m - a scroll of fear
 t - 6 scrolls of teleportation {@r4}
 C - 2 scrolls of immolation {!r}
 E - 3 scrolls of noise {!r}
 M - 2 scrolls of vulnerability {!r}
 V - 2 scrolls of blinking
 X - a scroll of poison {!r}
Potions
 g - 10 potions of curing {@q1}
 n - a potion of enlightenment {unknown}
 r - 2 potions of cancellation
 v - 4 potions of might
 z - 5 potions of lignification {!q}
 I - a potion of heal wounds {@q2}
 L - a potion of invisibility
 R - a potion of attraction {!q}
 U - 3 potions of resistance
 Z - 4 potions of mutation {!q}
Miscellaneous
 q - a phantom mirror
   (You found it on level 15 of the Dungeon)
 y - a sack of spiders
   (You found it on level 5 of the Lair of Beasts)
 P - a phial of floods
   (You found it on level 1 of the Lair of Beasts)


   Skills:
 + Level 17.6 Fighting
 - Level 20.0 Axes
 * Level 18.2 Ranged Weapons
 + Level 4.3 Throwing
 + Level 9.0 Armour
 - Level 13.6 Dodging
 + Level 6.5 Evocations


You had 15 spell levels left.
You didn't know any spells.
Your spell library was empty.

Dungeon Overview and Level Annotations

Branches:
Dungeon (15/15) Zot: 25522  Temple (0/1) D:5            Lair (5/5) D:11 Zot: 21675
 Shoals (4/4) Lair:3 Zot: 15565   Snake (0/4) Lair:2        Slime (0/5) Lair:5
    Orc (2/2) D:10 Zot: 4933     Elf (0/3) Orc:2        Vaults (0/5) D:14
 Depths (0/4) D:15          IceCv (visited)

Altars:
Ashenzari
Cheibriados
Kikubaaqudgha
Makhleb
Okawaru
Sif Muna
Trog
Vehumet
Zin

Shops:
D:10 [   Orc:2 (:=*[

Portals:
Trove: D:11 (give +3 storm dragon scales)

Annotations:
D:10 3 runed translucent doors, arthad's ghost, journeyman GrEE; avis's ghost, novice FeSu; gelatine's ghost, novice DsGl; sakkuzi's ghost, journeyman MiBe


Innate Abilities, Weirdness & Mutations

You have a pair of horns on your head.
You reflexively headbutt those who attack you in melee.


Message History

The merfolk impaler misses you.
The merfolk impaler hits you from afar with a +3 heavy trident!
* * * LOW HITPOINT WARNING * * *
The snapping turtle closely misses you.
The merfolk javelineer throws a javelin.
The javelin misses you. The merfolk barely misses you.
The merfolk impaler misses you.
Items here: ( ) [ †.
You slice the merfolk javelineer!! You burn the merfolk javelineer!
You slice the merfolk!! You burn the merfolk. The merfolk impaler misses you.
You block the snapping turtle's attack. The merfolk impaler misses you.
The merfolk javelineer throws a javelin.
The javelin closely misses you. The merfolk completely misses you.
You slice the merfolk javelineer!! You burn the merfolk javelineer.
You kill the merfolk javelineer!
Trog accepts your kill.
You completely miss the merfolk.
The merfolk impaler hits you from afar with a +0 trident.
* * * LOW HITPOINT WARNING * * *
Your Armour skill increases to level 9!
You slice the merfolk!! You burn the merfolk!
You kill the merfolk!
Trog accepts your kill.
You hear a splash.
The merfolk impaler closely misses you.
The snapping turtle bites you but does no damage.
Unknown command.
You are no longer berserk.
You are exhausted.
You feel yourself slow down.
The merfolk impaler hits you with a +3 heavy trident.
* * * LOW HITPOINT WARNING * * *
The merfolk impaler hits you from afar with a +0 trident!
* * * LOW HITPOINT WARNING * * *
Things that are here:
a +4 spear of freezing; 3 javelins; a +0 leather armour You slice the merfolk impaler!!
You burn the merfolk impaler!
Your headbutt misses the merfolk impaler.
The merfolk impaler hits you but does no damage.
You block the merfolk impaler's attack.
You feel much better.
The merfolk impaler hits you from afar with a +0 trident!
* * * LOW HITPOINT WARNING * * *
The snapping turtle bites you but does no damage.
The merfolk impaler hits you with a +3 heavy trident!!
* * * LOW HITPOINT WARNING * * *
You block the merfolk impaler's attack. The snapping turtle misses you.
The merfolk impaler misses you.
The merfolk impaler hits you with a +3 heavy trident!!
You die...

~≈≈≈≈≈≈≈≈≈≈≈≈≈≈≈≈≈≈≈≈≈≈≈≈≈≈≈≈≈≈≈≈
~≈≈≈≈≈≈≈≈≈≈≈≈≈≈≈≈≈≈≈≈≈≈≈≈≈≈≈≈≈≈≈≈
~≈≈≈≈≈≈≈≈≈≈≈≈≈≈≈≈≈≈≈≈≈≈≈≈≈≈≈≈≈≈≈≈
~≈≈≈≈≈≈≈≈≈≈≈≈≈≈≈≈≈≈≈≈≈≈≈≈≈≈≈≈≈≈≈≈
~≈≈~~~~~~~≈≈≈≈≈≈≈≈≈≈≈≈≈≈≈≈≈≈≈≈≈≈≈
~~~~~P~~~~~P~~~≈≈≈≈≈≈≈≈≈≈≈≈≈≈≈≈≈≈
~~~~~~~~~~~~~#####~~~~~~≈≈≈≈≈≈≈≈≈
~PP.......~~##~~m##~~~~~~≈≈≈≈≈≈≈≈
,.........~~#~~)@~#~~~~~~~≈≈≈≈≈≈≈
~...#####..~#~~))†'....~P~≈≈≈≈≈≈~
~~.##...##††#...mt#....P~~~≈≈≈≈≈~
~~~#.....#(†##...##.....P~~≈≈≈≈≈~
~P~#..)..'...#####......~~~≈≈≈≈≈.
~,~#.....#....~~........P~~≈≈≈≈≈~
,.P##...##~~~~~~........~P~≈≈≈≈≈≈
...,#####~~~~~~†...~~~~P~~~≈≈≈≈≈≈
......~~~~~~~~~...~~~~~~~≈≈≈≈≈≈≈≈


You could see 2 merfolk impalers and a snapping turtle.

Vanquished Creatures
  A kraken (Shoals:3)
  A frost giant (D:15)
  The ghost of Comisk the Nimble, a journeyman HuIE of the Shining One (D:13)
  A reaper (IceCv)
  A minotaur (D:13)
  5 merfolk javelineers
  A merfolk impaler (Shoals:4)
  Josephine (D:10)
  4 hydras
  4 catoblepae
  An ice dragon (D:14)
  6 merfolk avatars
  Harold (Lair:1)
  7 centaur warriors
  An alligator snapping turtle (Shoals:4)
  2 merfolk aquamancers
  6 boulder beetles
  4 two-headed ogres
  3 satyrs
  3 orc high priests (Orc:2)
  3 tengu warriors (D:15)
  A deep elf knight (D:14)
  2 skysharks
  A fire crab (Lair:3)
  A skeletal warrior (D:13)
  8 sea snakes
  2 lindwurms
  10 orc knights
  2 deep elf pyromancers (D:14)
  A wizard (D:15)
  9 harpies
  11 ugly things
  2 deep elf zephyrmancers (D:14)
  A wolf spider (Lair:5)
  A salamander (shapeshifter) (D:14)
  9 cyclopes
  4 orc sorcerers (Orc:2)
  An oklob plant (Lair:5)
  11 fauns
  9 merfolk sirens
  5 large abominations (D:15)
  18 manticores
  11 black mambas
  A guardian serpent (Lair:5)
  6 water nymphs
  9 elephants
  11 cane toads
  2 gargoyles
  An ice statue (IceCv)
  5 rime drakes
  A yaktaur (D:14)
  2 kobold demonologists (D:10)
  A freezing wraith (D:15)
  2 unseen horrors
  8 komodo dragons
  3 efreet
  2 anaconda simulacra (IceCv)
  2 tengu conjurers
  26 merfolk
  3 hornets (Lair:5)
  A polar bear (Lair:5)
  4 wind drakes
  8 trolls
  A blink frog (shapeshifter) (D:15)
  14 blink frogs
  6 dream sheep
  20 slime creatures
  9 snapping turtles
  A centaur simulacrum (D:12)
  Sigmund (D:6)
  A shadow (D:13)
  A dire elephant simulacrum (IceCv)
  3 water elementals
  2 vampires
  13 wyverns
  Eustachio (D:6)
  7 wraiths
  41 yaks
  7 basilisks
  8 vampire mosquitoes
  A death yak simulacrum (IceCv)
  7 small abominations (D:15)
  A naga (Lair:2)
  A redback (Lair:5)
  2 harpy simulacra (IceCv)
  7 wargs
  2 acid dragons
  24 water moccasins
  2 hydra simulacra (IceCv)
  32 orc warriors
  An ice beast (D:8)
  A sky beast (D:8)
  3 black bears
  7 ogres
  7 boggarts
  16 wolves
  7 centaurs
  3 phantoms
  A kobold brigand (D:9)
  12 bullfrogs
  3 cane toad simulacra (IceCv)
  5 scorpions
  6 two-headed ogre simulacra (IceCv)
  4 wights (D:10)
  5 killer bees (D:10)
  2 elephant simulacra (IceCv)
  2 howler monkeys
  11 jellies
  19 orc priests
  7 hounds
  3 iguanas
  A sleepcap (D:7)
  26 orc wizards
  9 troll simulacra (IceCv)
  3 polar bear simulacra (IceCv)
  4 spriggan simulacra (IceCv)
  2 wolf simulacra (IceCv)
  3 gnolls (D:2)
  3 adders
  6 naga simulacra (IceCv)
  A shadow imp (D:8)
  5 white imps
  8 ufetubi
  3 worms
  3 dart slugs
  96 orcs
  10 bats
  7 endoplasms
  4 giant cockroaches
  6 goblins
  7 hobgoblins
  3 jackals (D:2)
  5 quokkas
  2 ball pythons (D:1)
  3 frilled lizards
  17 kobolds
  7 rats
859 creatures vanquished.

Vanquished Creatures (others)
  A manticore (Shoals:1)
  A yak (Lair:2)
  A killer bee (D:10)
  2 orcs (Orc:2)
  6 tentacles (Shoals:3)
11 creatures vanquished.

Grand Total: 870 creatures vanquished

Notes
Turn   | Place    | Note
-------+----------+-------------------------------------------
     0 | D:1      | Pooter the Minotaur Berserker began the quest for the Orb.
     0 | D:1      | Reached XP level 1. HP: 19/19 MP: 0/0
   134 | D:1      | Found a faded altar of an unknown god.
   162 | D:1      | Reached skill level 4 in Axes
   231 | D:1      | Reached XP level 2. HP: 20/27 MP: 1/1
   478 | D:1      | Reached XP level 3. HP: 33/33 MP: 2/2
   763 | D:2      | Reached ** piety under Trog
   813 | D:2      | Reached skill level 5 in Axes
   824 | D:2      | Reached XP level 4. HP: 33/41 MP: 3/3
  1429 | D:2      | You fall into a shaft and drop 1 floor!
  2354 | D:4      | Noticed a scorpion
  2354 | D:4      | Noticed a phantom
  2409 | D:4      | Noticed a scorpion
  2507 | D:3      | Killed a scorpion
  2508 | D:3      | Reached skill level 5 in Fighting
  2508 | D:3      | Reached skill level 6 in Axes
  2508 | D:3      | Reached XP level 5. HP: 48/48 MP: 4/4
  2683 | D:4      | Killed a phantom
  2690 | D:4      | Reached skill level 7 in Axes
  2690 | D:4      | Reached XP level 6. HP: 56/56 MP: 5/5
  2989 | D:4      | Identified the +7 rapier of Wyrd {flame, rElec rF+ rC-}
  3009 | D:4      | Found an ancient bone altar of Kikubaaqudgha.
  3492 | D:5      | Entered Level 5 of the Dungeon
  3567 | D:5      | Found a staircase to the Ecumenical Temple.
  3616 | D:5      | Reached skill level 8 in Axes
  3616 | D:5      | Reached XP level 7. HP: 64/64 MP: 6/6
  3772 | D:5      | Reached skill level 9 in Axes
  4182 | D:5      | Reached *** piety under Trog
  4386 | D:5      | Reached XP level 8. HP: 64/73 MP: 7/7
  4460 | D:6      | Reached skill level 10 in Axes
  4569 | D:6      | Noticed Sigmund
  4605 | D:6      | Killed Sigmund
  4794 | D:6      | Reached skill level 11 in Axes
  4799 | D:6      | Noticed Eustachio
  4813 | D:6      | Killed Eustachio
  4914 | D:6      | Found a broken altar of Ashenzari.
  5130 | D:6      | Found a bloodstained altar of Trog.
  5130 | D:6      | Found a burning altar of Makhleb.
  5374 | D:7      | Reached XP level 9. HP: 83/83 MP: 8/8
  5647 | D:7      | Reached skill level 12 in Axes
  5690 | D:7      | Found a shimmering blue altar of Sif Muna.
  6175 | D:8      | Identified 2 scrolls of acquirement
  6175 | D:8      | Acquired a +2 battleaxe of flaming
  6177 | D:8      | Acquired a manual of Dodging
  6258 | D:8      | Reached skill level 1 in Ranged Weapons
  6991 | D:8      | Reached skill level 13 in Axes
  7215 | D:8      | Reached skill level 5 in Dodging
  7673 | D:9      | Reached skill level 5 in Ranged Weapons
  7725 | D:9      | Reached XP level 10. HP: 77/93 MP: 9/9
  7926 | D:9      | Noticed a two-headed ogre
  7935 | D:9      | Killed a two-headed ogre
  7936 | D:9      | Reached skill level 10 in Fighting
  8166 | D:10     | Entered Level 10 of the Dungeon
  8319 | D:10     | Found a staircase to the Orcish Mines.
  8440 | D:10     | Noticed a rust devil
  8442 | D:10     | Reached skill level 14 in Axes
  8509 | D:10     | Found a runed translucent gate.
  8509 | D:10     | Found a runed translucent gate.
  8509 | D:10     | Found a runed translucent gate.
  8540 | D:10     | Found Cheibriados's Comfort Zone.
  8546 | D:10     | Found a snail-covered altar of Cheibriados.
  8712 | D:10     | Noticed arthad's ghost (journeyman GrEE)
  8712 | D:10     | Noticed sakkuzi's ghost (journeyman MiBe)
  8713 | D:10     | Noticed avis's ghost (novice FeSu)
  8713 | D:10     | Noticed gelatine's ghost (novice DsGl)
  9001 | Orc:1    | Entered Level 1 of the Orcish Mines
  9001 | Orc:1    | Noticed Josephine
  9008 | D:10     | Killed Josephine
  9345 | D:10     | Reached XP level 11. HP: 101/101 MP: 10/10
  9995 | Orc:1    | Noticed an orc knight
 10008 | Orc:1    | Killed an orc knight
 10138 | Orc:1    | Noticed an orc knight
 10152 | Orc:1    | Killed an orc knight
 10153 | Orc:1    | Reached skill level 15 in Axes
 10197 | Orc:1    | Reached **** piety under Trog
 10217 | Orc:1    | Noticed Sonja
 10943 | Orc:1    | Sonja changed into Sonja the lindwurm
 10943 | Orc:1    | Noticed Sonja
 10950 | Orc:1    | Killed Sonja the lindwurm
 11070 | Orc:2    | Entered Level 2 of the Orcish Mines
 11070 | Orc:2    | Found a staircase to the Elven Halls.
 11350 | Orc:2    | Found Vazxehu's Antique Weapon Emporium.
 11388 | Orc:1    | Noticed an orc knight
 11388 | Orc:1    | Noticed an orc sorcerer
 11577 | Orc:2    | Killed an orc sorcerer
 11635 | Orc:2    | Killed an orc knight
 11951 | Orc:2    | Noticed an orc knight
 11978 | Orc:2    | Killed an orc knight
 12097 | Orc:2    | Noticed an orc knight
 12782 | Orc:2    | Killed an orc knight
 14998 | Orc:2    | Noticed an orc knight
 14998 | Orc:2    | Noticed an orc sorcerer
 15001 | Orc:2    | Noticed a sun demon
 15305 | Orc:2    | Noticed an orc knight
 15316 | Orc:2    | Killed an orc knight
 15317 | Orc:2    | Reached skill level 10 in Ranged Weapons
 15317 | Orc:2    | Killed an orc sorcerer
 15318 | Orc:2    | Reached skill level 10 in Dodging
 15318 | Orc:2    | Reached XP level 12. HP: 111/111 MP: 11/11
 15322 | Orc:2    | Reached skill level 16 in Axes
 15322 | Orc:2    | Noticed an orc high priest
 15326 | Orc:2    | Found Miyb's Assorted Antiques.
 15326 | Orc:2    | Found Ogosuwad's Antique Armour Boutique.
 15326 | Orc:2    | Found Bihyc's Book Shoppe.
 15326 | Orc:2    | Found Vaarphusa's Jewellery Boutique.
 15326 | Orc:2    | Noticed an orc high priest
 15326 | Orc:2    | Noticed an orc high priest
 15817 | Orc:2    | Killed an orc high priest
 16112 | Orc:2    | Killed an orc high priest
 16271 | Orc:2    | Killed an orc high priest
 16339 | Orc:2    | Bought a sapphire battleaxe for 299 gold pieces
 16339 | Orc:2    | Identified the +11 battleaxe of the Furious {flame, rElec
                  | rC+ Dex+6} (You bought it in a shop on level 2 of the
                  | Orcish Mines)
 16339 | Orc:2    | Bought a sedimented yellow potion for 23 gold pieces
 16339 | Orc:2    | Bought a potion of curing for 78 gold pieces
 16340 | Orc:2    | Bought a pair of polished boots for 209 gold pieces
 16340 | Orc:2    | Identified the +0 pair of boots "Layrihu" {rN+ Int+7} (You
                  | bought it in a shop on level 2 of the Orcish Mines)
 16353 | Orc:2    | Bought a ring of see invisible for 240 gold pieces
 16458 | D:11     | Noticed a centaur warrior
 16613 | D:11     | Found a staircase to the Lair.
 16620 | D:11     | Killed a centaur warrior
 16732 | D:11     | Found a portal to a secret trove of treasure.
 17084 | D:11     | Noticed a two-headed ogre
 17088 | D:11     | Killed a two-headed ogre
 17946 | Lair:1   | Entered Level 1 of the Lair of Beasts
 17949 | Lair:1   | Noticed Harold
 17957 | Lair:1   | Killed Harold
 18752 | Lair:1   | Reached XP level 13. HP: 109/122 MP: 12/12
 19667 | Lair:2   | Found a staircase to the Snake Pit.
 19926 | Orc:2    | Bought a ring of protection from fire for 400 gold pieces
 20540 | Lair:3   | Found a staircase to the Shoals.
 20999 | Lair:3   | Found a glowing silver altar of Zin.
 21052 | Lair:3   | Reached skill level 5 in Armour
 22718 | Lair:5   | Entered Level 5 of the Lair of Beasts
 22729 | Lair:5   | Found a staircase to the Slime Pits.
 23118 | Lair:5   | Reached skill level 17 in Axes
 23262 | Lair:5   | Reached XP level 14. HP: 133/133 MP: 13/13
 23298 | Lair:5   | HP: 6/133 [rime drake/icy flash freeze (22)]
 23566 | Lair:4   | Reached skill level 15 in Fighting
 26032 | D:12     | Found a frozen archway.
 26046 | IceCv    | Entered an ice cave
 26624 | IceCv    | Reached skill level 1 in Evocations
 26874 | IceCv    | Noticed a reaper
 27263 | IceCv    | Killed a reaper
 27264 | IceCv    | Reached skill level 18 in Axes
 27270 | IceCv    | Identified the staff "Gugazuskiwk" {rF+ Str+2 Fire}
 28187 | D:12     | Reached skill level 15 in Ranged Weapons
 28192 | D:12     | Identified the +1 flail of the Shimmering Gods {heavy,
                  | Int+4}
 28608 | D:12     | Identified the +2 robe of Sloth {Fly rF+++ Int-4}
 29266 | D:13     | Found a runed translucent gate.
 29266 | D:13     | Found a runed translucent gate.
 29361 | D:13     | Identified the +0 chain mail "Laqyiro" {Str+4 Dex-5 Slay+4}
 29385 | D:13     | Found a runed translucent gate.
 29498 | D:13     | Noticed Comisk's ghost (journeyman HuIE)
 29847 | D:13     | Killed Comisk's ghost
 30417 | D:14     | Reached XP level 15. HP: 144/144 MP: 14/14
 31345 | D:14     | Reached skill level 19 in Axes
 31957 | D:14     | Found a glowing silver altar of Zin.
 32005 | D:14     | Found a gate to the Vaults.
 32074 | D:15     | Entered Level 15 of the Dungeon
 32397 | D:15     | Found an iron altar of Okawaru.
 33069 | D:15     | Noticed a frost giant
 33070 | D:15     | Found a staircase to the Depths.
 33312 | D:15     | Killed a frost giant
 33447 | D:15     | Upgraded the game from 0.31-a0-263-ge8cad7f256 to
                  | 0.31-a0-271-gb88eb75e06
 33612 | Shoals:1 | Entered Level 1 of the Shoals
 35524 | Shoals:2 | Reached skill level 5 in Evocations
 35524 | Shoals:2 | Reached XP level 16. HP: 134/154 MP: 15/15
 36003 | Shoals:2 | Identified the +2 robe "Zataym" {rF- Regen+ Int+6}
 36435 | Shoals:2 | Reached skill level 20 in Axes
 37106 | Shoals:2 | Found a radiant altar of Vehumet.
 37165 | Shoals:2 | Reached skill level 1 in Throwing
 38260 | Shoals:3 | Noticed a kraken
 38268 | Shoals:3 | Killed a kraken
 39416 | Shoals:4 | Entered Level 4 of the Shoals
 40653 | Shoals:4 | Reached ***** piety under Trog
 42415 | Shoals:4 | Slain by a merfolk impaler

Illustrated notes

Levels and vault maps discovered:
D:1:      wander_arrival_abandoned_jail, layout_basic,
          ebering_ecumenical_altar_abandoned
D:2:      layout_loops_corners
D:3:      layout_basic, nicolae_the_louvre
D:4:      layout_rooms, mainiacjoe_overflow_tiny_flanked, moated_statue,
          kennysheep_generic_room_5
D:5:      nicolae_cairo_tiling, layout_basic, minmay_temple_entry_mist
D:6:      layout_cave_pools, kennysheep_mini, gammafunk_temple_overflow_pools,
          uniq_eustachio, uniq_sigmund
D:7:      layout_basic, pf_just_have_faith
D:8:      layout_layer_cave
D:9:      layout_rooms
D:10:     layout_basic, david_orc_3, gammafunk_ghost_cemetery, minmay_shop_chei
D:11:     layout_stronghold, due_lair_maze_entry_diamond,
          nicolae_trove_entry_free_sample
D:12:     layout_layer_cave, portal_ice_cave_entry_pillars_1
D:13:     layout_roguey, maelrawn_ghost_gauntlet_escape
D:14:     hangedman_arrow_trap, layout_cross,
          hangedman_vaults_entry_quadrant_bands, zin_angel,
          grunt_decor_fettered, kennysheep_decorative_pillar
D:15:     grunt_enter_depths_snipers, layout_basic, okawaru_metal_pillars_3,
          grunt_ministairs_6, laboratory
Lair:1:   layout_concentric_octagons, chequers_serial_rivers_small_3,
          uniq_harold
Lair:2:   layout_gridlike, guppyfry_snake_entry_island, st_stairs_3
Lair:3:   layout_roguey, elwin_shoals_entry_rocks, basic_altar,
          grunt_megastairs_1
Lair:4:   layout_layer_cave, lemuel_fruit_tree, lemuel_fruit_fields
Lair:5:   hangedman_lair_tendril_chambers, layout_loops_ring,
          minmay_slime_entry_jelly_boxes
Shoals:1: layout_shoals
Shoals:2: layout_shoals, lemuel_altar_in_water
Shoals:3: layout_shoals
Shoals:4: shoals_end_simple, layout_shoals
Orc:1:    cheibrodos_orc_arena, layout_caves, basic_altar, uniq_sonja,
          uniq_josephine
Orc:2:    grunt_orc_tribal_feast, layout_diamond_mine, serial_shops,
          nicolae_shop_back_alley_shop

Skill      XL: |  1  2  3  4  5  6  7  8  9 10 11 12 13 14 15 16 |
---------------+-------------------------------------------------+-----
Axes           | 4 5 6 7 8 9 11 13 14 15 16 17 18 19 20 | 20.0
Fighting       | 4 5 6 7 9 10 11 13 14 16 17 | 17.6
Ranged Weapons | 5 7 10 12 13 15 16 18 | 18.2
Dodging        | 5 7 10 12 13 | 13.6
Armour         | 3 6 7 9 |  9.0
Evocations     | 2 5 6 |  6.5
Throwing       | 4 |  4.3

Action                     |  1- 3 |  4- 6 |  7- 9 | 10-12 | 13-15 | 16-18 || total
---------------------------+-------+-------+-------+-------+-------+-------++-------
  Melee: Hand axe          |    64 |    73 |       |       |       |       ||   137
         Headbutt          |     8 |    21 |    33 |    69 |   148 |    27 ||   306
         Morningstar       |       |    30 |    46 |       |       |       ||    76
         Rapier            |       |     2 |       |       |       |       ||     2
         Punch             |       |     1 |     1 |       |       |       ||     2
         War axe           |       |       |    72 |       |       |       ||    72
         Battleaxe         |       |       |    50 |   338 |   638 |   130 ||  1156
   Fire: Orcbow            |       |       |    28 |    33 |       |       ||    61
         Shortbow          |       |       |     8 |       |       |       ||     8
         Arbalest          |       |       |       |   156 |   380 |    33 ||   569
         Longbow           |       |       |       |       |       |   185 ||   185
  Throw: Stone             |     8 |       |       |       |       |       ||     8
         Dart              |       |     4 |     1 |       |    12 |       ||    17
         Javelin           |       |     2 |       |       |       |       ||     2
         Boomerang         |       |       |    14 |     5 |    25 |       ||    44
 Invoke: Berserk           |     2 |     5 |     7 |    21 |    11 |     4 ||    50
         Trog's Hand       |       |       |    11 |    20 |    33 |     3 ||    67
  Evoke: Wand              |       |       |       |     5 |     2 |     3 ||    10
         Phantom mirror    |       |       |       |       |     1 |       ||     1
    Use: Scroll            |       |     3 |     6 |    14 |    19 |     6 ||    48
         Potion            |       |       |       |     2 |     3 |     1 ||     6
   Stab: Petrified         |       |       |       |       |     2 |       ||     2
 Armour: Chain mail        |    22 |    50 |    91 |    10 |   161 |    49 ||   383
         Plate armour      |       |       |    12 |   166 |       |       ||   178
  Dodge: Dodged            |    35 |    37 |    74 |   168 |   627 |   197 ||  1138
         Repelled          |       |       |       |       |       |     5 ||     5
  Block: Other             |    12 |    23 |    52 |    98 |   147 |    57 ||   389
         Reflection        |     1 |       |     2 |    12 |    10 |    12 ||    37

Table legend: (Time is in decaauts)
 A = Elapsed time spent in this place.
 B = Non-inter-level travel time spent in this place.
 C = Inter-level travel time spent in this place.
 D = Time resting spent in this place.
 E = Time spent auto-exploring this place.
 F = Levels seen in this place.
 G = Mean time per level.
                   A        B        C        D        E       F      G
               +--------+--------+--------+--------+--------+-----+--------+
         Total |  43034 |  41516 |   1518 |  18268 |  16676 |  27 | 1593.9 |
       Dungeon |  17170 |  16350 |    820 |   4214 |   9469 |  15 | 1144.7 |
          Lair |   8324 |   7996 |    328 |   2522 |   4413 |   5 | 1664.8 |
        Shoals |   8433 |   8216 |    217 |   5121 |   1529 |   4 | 2108.2 |
  Orcish Mines |   7066 |   6914 |    152 |   5161 |    795 |   2 | 3533.0 |
      Ice Cave |   2040 |   2040 |      0 |   1249 |    470 |   1 | 2040.0 |
               +--------+--------+--------+--------+--------+-----+--------+

Top non-repeatable levels by time:
   Orc:2: 5263 daAuts
Shoals:4: 2571 daAuts
  Lair:5: 2552 daAuts
Shoals:2: 2310 daAuts
   IceCv: 2040 daAuts
Shoals:3: 2036 daAuts
  Lair:4: 2002 daAuts
   Orc:1: 1803 daAuts
    D:10: 1779 daAuts
    D:14: 1655 daAuts
Shoals:1: 1515 daAuts
    D:11: 1479 daAuts
     D:8: 1410 daAuts
    D:15: 1399 daAuts
  Lair:3: 1322 daAuts
